 Dungeon Sprint DCSS version 0.27-a0-1139-g28e009f8a6 (webtiles) character file.

Game seed: 13481340871965851565

1150 Zeld the Agent of Entropy (level 8, -3/66 HPs)
             Began as an Octopode Abyssal Knight on May 8, 2021.
             Was a Priest of Lugonu.
             Killed from afar by Carecar the pandemonium lord (69 damage)
             ... with an iron shot
             ... in the Dungeon (Sprint V: "Ziggurat Sprint").
             The game lasted 00:01:49 (760 turns).

Zeld the Agent of Entropy (Octopode Abyssal Knight)  Turns: 760, Time: 00:01:50

Health: -3/66      AC:  1    Str: 26    XL:     8   Next: 38%
Magic:  16/16      EV:  9    Int: 26    God:    Lugonu [***...]
Gold:   0          SH: 16    Dex: 23    Spells: 7/7 levels left

rFire    . . .     SeeInvis .   i - +5 broad axe
rCold    . . .     Faith    .   h - +3 tower shield
rNeg     . . .     Spirit   .   (helmet restricted)
rPois    .         Reflect  .   (no amulet)
rElec    .         Harm     .   y - +6 ring of intelligence
rCorr    .         Rampage  .   x - +6 ring of dexterity
Will     .....     NoTele   +   B - +6 ring of strength
Stlth    +++.......             A - +6 ring of strength
HPRegen  0.21/turn              z - +6 ring of intelligence
MPRegen  0.15/turn              w - +6 ring of dexterity
                                v - ring of flight
                                (no ring)

@: flying
A: almost no armour, amphibious, 8 rings, camouflage 1, gelatinous body 1,
(nimble swimmer 1), tentacles
a: Renounce Religion, Bend Space, Banish


You were in the Dungeon.
You worshipped Lugonu.
Lugonu was most pleased with you.
You visited 1 branch

Inventory:

Hand Weapons
 i - a +5 broad axe (weapon)
Armour
 h - a +3 tower shield (worn)
Jewellery
 v - a ring of flight (on tentacle)
 w - a +6 ring of dexterity (on tentacle)
 x - a +6 ring of dexterity (right tentacle)
 y - a +6 ring of intelligence (left tentacle)
 z - a +6 ring of intelligence (on tentacle)
 A - a +6 ring of strength (on tentacle)
 B - a +6 ring of strength (on tentacle)
Wands
 s - a wand of mindburst (7)
 t - a wand of iceblast (7)
 u - a wand of acid (7)
Scrolls
 a - 4 scrolls of amnesia
 g - 4 scrolls of blinking
 j - 7 scrolls of fog
 k - a scroll of holy word
 l - 5 scrolls of identify
 m - 2 scrolls of fear
Potions
 b - 10 potions of curing
 c - 10 potions of heal wounds
 d - 6 potions of haste
 e - 7 potions of magic
 f - 3 potions of berserk rage
 n - 2 potions of brilliance
 o - 2 potions of invisibility
 p - 4 potions of resistance
 r - 5 potions of might
Miscellaneous
 C - a lightning rod (1/4)


   Skills:
 * Level 10.9 Fighting
 * Level 10.6 Axes
 - Level 2.3 Dodging
 * Level 11.4 Invocations


You had 7 spell levels left.
You didn't know any spells.
Your spell library contained the following spells:

 Spells                   Type           Power      Damage    Failure   Level
 Confusing Touch          Hex            0%         N/A       100%        3
 Gell's Gravitas          Tloc           0%         N/A       100%        3
 Petrify                  Tmut/Erth      0%         N/A       100%        4
 Metabolic Englaciation   Hex/Ice        0%         N/A       100%        5
 Yara's Violent Unravell  Hex/Tmut       0%         3d3       100%        5
 Borgnjor's Revivificati  Necr           0%         N/A       100%        8
 Infestation              Necr           0%         N/A       100%        8
 Necromutation            Tmut/Necr      0%         N/A       100%        8
 Death's Door             Necr           0%         N/A       100%        9


Dungeon Overview and Level Annotations

Branches:
Dungeon (1/1)

Altars:
Ashenzari
Cheibriados
Dithmenos
Elyvilon
Fedhas
Gozag
Hepliaklqana
Kikubaaqudgha
Makhleb
Nemelex Xobeh
Okawaru
Qazlal
Ru
Sif Muna
Trog
Uskayaw
Vehumet
Wu Jian
Xom
Yredelemnul
Zin
The Shining One
Beogh
Jiyva
Lugonu

Annotations:
D 1 transporter


Innate Abilities, Weirdness & Mutations

You cannot wear most types of armour.
You are amphibious.
You can wear up to eight rings at the same time.
Your skin changes colour to match your surroundings (Stealth+).
Your rubbery body absorbs attacks. (AC +1, EV +1)
((You are camouflaged near water. (Stealth+)))
You have tentacles for arms and can constrict up to eight enemies at once.


Message History

Welcome to arena 3.
You enter the transporter and appear at another place.
A crimson imp, an iron imp, a chaos spawn and a pandemonium lord come into view.
Found four items.
Found a transporter.
Unknown command.
Aiming: Thunderbolt
Press: ? - help, Shift-Dir - straight line, f - Carecar
Aim: Carecar (asleep)
The thunderbolt hits Carecar.
Carecar resists.
Carecar is lightly wounded.
Carecar roars, "I will devour thy liver!"
The thunderbolt hits the crimson imp.
The crimson imp is heavily wounded.
The crimson imp shouts!
The iron imp shouts!
The chaos spawn gives a chilling moan.
Unknown command.
Aiming: Thunderbolt
Press: ? - help, Shift-Dir - straight line, f/p - Carecar
Aim: Carecar (lightly wounded)
The thunderbolt hits the crimson imp!!
You kill the crimson imp!
Lugonu accepts your kill.
You can now banish your foes.
The thunderbolt hits Carecar.
Carecar resists.
Carecar is lightly wounded.
Unknown command.
Aiming: Thunderbolt
Press: ? - help, Shift-Dir - straight line, f/p - Carecar
Aim: Carecar (lightly wounded)
The thunderbolt hits Carecar.
Carecar resists.
Carecar is lightly wounded.
Unknown command.
Unknown command.
Okay, then.
You completely miss Carecar. Your squeeze misses Carecar.
Carecar is lightly wounded.
You block Carecar's attack. Carecar gestures at you. The iron shot hits you!!!
Ouch! That really hurt!
You die...

▓▓▓▓▓▓▓▓▓▓▓▓▓▓▓▓▓▓▓
▓.8©8.▓.8©8.▓.8©8.▓
▓.)||.▓..)).▓.....▓
▓..}..▓.....▓.[...▓
▓.5...▓.....▓.....▓
▓..4..▓...).▓.....▓
▓..&..▓..)..▓..©..▓
▓..@..▓..©..▓▓▓▓▓▓▓
▓▓▓▓▓▓▓▓▓▓▓▓▓


You could see Carecar, a chaos spawn and an iron imp.

Vanquished Creatures
  A harpy (D)
  2 vault sentinels (D)
  A crimson imp (D)
  An iron imp (D)
  An ufetubus (D)
6 creatures vanquished.

Notes
Turn   | Place    | Note
-------+----------+-------------------------------------------
     0 | D        | Zeld the Octopode Abyssal Knight began the quest for the
                  | Orb.
     0 | D        | Reached XP level 1. HP: 16/16 MP: 2/2
     2 | D        | Found a blossoming altar of Fedhas.
     3 | D        | Found the +6 Majin-Bo {vamp, MP+6 Int+6}
     3 | D        | Found the +9 heavy crossbow "Sniper" {vorpal, Acc+∞ SInv}
     3 | D        | Found the +10 dark maul {vorpal}
     3 | D        | Found the +15 Maxwell's patent armour {-Cast -Tele rElec
                  | Will+ rCorr}
     3 | D        | Found the +18 shield of the Gong {rElec rN+ Will+ EV-5}
     3 | D        | Found the +14 obsidian axe {vorpal, Drain Fly SInv}
     3 | D        | Found the +7 great mace "Firestarter" {inner flame, rF++}
     3 | D        | Found the +6 shillelagh "Devastator" {shatter}
     3 | D        | Found the +11 plutonium sword {Contam Stlth-}
     3 | D        | Found the +8 lance "Wyrmbane" {slay drac, rPois rF+ rC+
                  | AC+3}
     3 | D        | Found the +9 sword of Zonguldrok {reap}
     3 | D        | Found the +13 scythe of Curses {drain, Drain}
     3 | D        | Found the +5 sword of Power {vorpal}
     3 | D        | Found the +7 mace of Variability {chain chaos}
     3 | D        | Found the +7 Singing Sword {vorpal, sonic wave}
     3 | D        | Found the +8 storm bow {elec, penet}
    10 | D        | Found a viscous altar of Jiyva.
    10 | D        | Found a transporter.
    10 | D        | Found a hazy altar of Hepliaklqana.
    10 | D        | Found an ancient bone altar of Kikubaaqudgha.
    10 | D        | Found an opulent altar of Gozag.
    10 | D        | Found a corrupted altar of Lugonu.
    24 | D        | Found a burning altar of Makhleb.
    25 | D        | Found a sacrificial altar of Ru.
    25 | D        | Found a shimmering blue altar of Sif Muna.
    25 | D        | Found a stormy altar of Qazlal.
    25 | D        | Found a bloodstained altar of Trog.
    25 | D        | Found an iron altar of Okawaru.
    25 | D        | Found a sparkling altar of Nemelex Xobeh.
    45 | D        | Reached skill level 5 in Fighting
    45 | D        | Reached skill level 5 in Invocations
    45 | D        | Reached XP level 2. HP: 24/24 MP: 2/5
   140 | D        | Entered arena 2.
   140 | D        | Found a transporter.
   145 | D        | Reached skill level 5 in Axes
   145 | D        | Reached XP level 3. HP: 2/30 MP: 7/7
   145 | D        | Reached ** piety under Lugonu
   623 | D        | Entered arena 3.
   623 | D        | Noticed a vault sentinel
   623 | D        | Noticed a vault sentinel
   623 | D        | Noticed a harpy
   623 | D        | Found a transporter.
   626 | D        | Killed a harpy
   627 | D        | Reached skill level 9 in Invocations
   627 | D        | Reached XP level 4. HP: 32/41 MP: 7/10
   627 | D        | Reached XP level 5. HP: 36/46 MP: 8/12
   627 | D        | Reached XP level 6. HP: 42/53 MP: 8/13
   627 | D        | Reached XP level 7. HP: 45/57 MP: 8/14
   628 | D        | Killed a vault sentinel
   628 | D        | Killed a vault sentinel
   629 | D        | Reached skill level 10 in Fighting
   629 | D        | Reached skill level 10 in Axes
   629 | D        | Reached skill level 11 in Invocations
   629 | D        | Reached XP level 8. HP: 53/66 MP: 8/16
   756 | D        | Entered arena 4.
   756 | D        | Noticed Carecar the pandemonium lord
   756 | D        | Found a transporter.
   758 | D        | Reached *** piety under Lugonu
   760 | D        | Killed from afar by Carecar the pandemonium lord

Illustrated notes

Levels and vault maps discovered:
D:        sprint_v [room_start, room_1, room_2, room_3, room_4, room_5, room_6,
          room_7, room_8, room_9, room_10, room_11, room_12, room_13, room_14,
          room_15, room_16, room_17, room_18, room_19, room_20, room_21,
          room_22, room_23, room_24, room_25, room_26, room_27]

Skill      XL: |  1  2  3  4  5  6  7 |
---------------+----------------------+-----
Fighting       | 5 9 10 | 10.9
Axes           | 4 5 9 10 | 10.6
Invocations    | 5 9 11 | 11.4
Dodging        | |  2.3

Action                   |  1- 3 |  4- 6 |  7- 9 || total
-------------------------+-------+-------+-------++-------
Melee: Broad axe         |     4 |       |     1 ||     5
       Constrict         |     1 |       |       ||     1
       Tentacles         |     1 |       |       ||     1
Evoke: Lightning rod     |     3 |       |     5 ||     8
  Use: Potion            |     1 |       |       ||     1
Dodge: Dodged            |     1 |       |       ||     1
Block: Tower shield      |    10 |       |     1 ||    11

Table legend: (Time is in decaauts)
 A = Elapsed time spent in this place.
 B = Non-inter-level travel time spent in this place.
 C = Inter-level travel time spent in this place.
 D = Time resting spent in this place.
 E = Time spent auto-exploring this place.
 F = Levels seen in this place.
 G = Mean time per level.
                   A        B        C        D        E       F      G
               +--------+--------+--------+--------+--------+-----+--------+
         Total |    759 |    759 |      0 |    675 |     12 |   1 |  759.0 |
       Dungeon |    759 |    759 |      0 |    675 |     12 |   1 |  759.0 |
               +--------+--------+--------+--------+--------+-----+--------+

Top non-repeatable levels by time:
       D: 759 daAuts
